Map: Catalyst LE

Players

Arctur - Winner!

  • Race: Terran Terran
  • Spawn Location: 11:00

Sittingbull

  • Race: Protoss Protoss
  • Spawn Location: 5:00

Event: WCS Leipzig 2018

VOD

Have the link to the VOD?

Description

Time

  • Played on: Jan. 26, 2018, 7:14 a.m.
  • Length: 9:00

All games in this series

Show
View Real Time Build Order
Export as new Build Order

Arctur Terran - Winner!

Build Orders: Reaper Expand 

Get SALT Encoding   

  12  0:01  SCV  
  13  0:13  SCV  
  14  0:17  Supply Depot  
  14  0:25  SCV  
  15  0:38  SCV  
  15  0:40  Barracks  
  16  0:44  Refinery  
  16  0:50  SCV  
  17  1:02  SCV  
  18  1:15  SCV  
  19  1:27  Orbital Command, Reaper  
  20  1:45  Command Center  
  20  1:55  SCV  
  20  1:58  Supply Depot  
  20  2:00  Marine  
  22  2:08  SCV  
  23  2:12  Factory  
  23  2:20  SCV, Refinery  
  24  2:24  Barracks Reactor  
  24  2:32  SCV  
  25  2:44  SCV  
  25  2:56  SCV  
  25  2:57  Orbital Command, Starport  
  26  3:08  Marine  
  26  3:09  Orbital Command, Marine  
  28  3:13  Engineering Bay  
  28  3:18  Bunker  
  28  3:19  Cyclone  
  31  3:26  Marine x2  
  32  3:33  Viking  
  34  3:39  Supply Depot  
  34  3:42  Orbital Command  
  34  3:44  Marine  
  34  3:46  Marine  
  36  3:51  Missile Turret  
  36  3:59  Factory Reactor  
  36  4:01  Supply Depot  
  36  4:02  Marine  
  37  4:04  Marine  
  37  4:09  Viking  
  39  4:20  Marine  
  39  4:21  Bunker  
  39  4:22  Marine  
  39  4:23  Supply Depot  
  41  4:38  Marine  
  42  4:40  Marine  
  43  4:47  Factory Tech Lab, Viking x2  
  47  4:55  Marine  
  47  4:58  Marine  
  49  5:00  Barracks  
  49  5:07  Siege Tank  
  52  5:17  Viking x2  
  56  5:22  Marine x2  
  58  5:47  Medivac  
  58  5:48  Supply Depot, Barracks Tech Lab  
  58  5:49  Supply Depot  
  60  5:55  Viking  
  62  5:58  Marine x2  
  64  6:17  Marine x2, Stimpack  
  66  6:39  Siege Tank  
  69  6:52  Marine x3  
  63  7:10  Marine x2  
  63  7:11  Marine, Siege Tank  
  63  7:13  Orbital Command  
  67  7:23  Viking  
  67  7:27  Supply Depot  
  67  7:28  Marine x2, Barracks  
  71  7:40  SCV  
  71  7:41  SCV  
  72  7:44  Supply Depot, Marine  
  72  7:45  Siege Tank  
  73  7:52  SCV  
  73  7:53  SCV, Marine x2  
  72  7:59  Bunker  
  72  8:04  SCV  
  74  8:05  SCV  
  74  8:09  Marine  
  74  8:11  Marine x2  
  77  8:15  Refinery  
  77  8:16  SCV  
  77  8:17  SCV  
  77  8:19  Barracks Tech Lab  
  79  8:27  Marine  
  79  8:28  SCV  
  79  8:29  SCV, Supply Depot, Marine x2  
  80  8:45  SCV  
Show
View Real Time Build Order
Export as new Build Order

Sittingbull Protoss 

Build Orders:  

Get SALT Encoding   

  12  0:01  Probe  
  13  0:13  Probe  
  14  0:19  Pylon  
  14  0:29  Probe  
  15  0:41  Probe (Chrono Boost)  
  16  0:45  Gateway  
  16  0:55  Assimilator  
  17  0:57  Probe (Chrono Boost)  
  17  1:02  Probe (Chrono Boost)  
  18  1:05  Assimilator  
  18  1:11  Probe  
  19  1:20  Gateway  
  19  1:23  Probe  
  20  1:37  Pylon  
  20  1:40  Cybernetics Core  
  20  1:46  Probe  
  21  1:54  Pylon  
  21  1:58  Probe  
  22  2:10  Probe  
  23  2:17  Stargate  
  23  2:23  Adept  
  25  2:30  Adept  
  25  2:45  Probe  
  25  2:46  Warp Gate (Chrono Boost)  
  26  2:57  Probe  
  27  3:05  Void Ray (Chrono Boost)  
  31  3:18  Pylon  
  31  3:26  Stalker  
  33  3:38  Shield Battery, Stalker  
  35  3:55  Void Ray  
  39  4:15  Shield Battery, Stalker  
  41  4:20  Pylon  
  41  4:47  Nexus  
  41  5:02  Shield Battery  
  41  5:07  Gateway  
  41  5:09  Gateway  
  41  5:12  Sentry  
  43  5:18  Probe  
  44  5:31  Stalker  
  46  5:38  Probe  
  47  5:44  Forge  
  47  5:50  Probe, Sentry  
  46  5:59  Stalker  
  46  6:02  Probe  
  49  6:08  Shield Battery  
  49  6:16  Probe (Chrono Boost)  
  51  6:19  Protoss Ground Weapons Level 1 (Chrono Boost)  
  51  6:22  Probe (Chrono Boost), Twilight Council  
  51  6:42  Stalker x2  
  51  6:43  Stalker  
  56  7:13  Stalker  
  56  7:14  Stalker x3  
  64  7:17  Probe x2  
  62  7:29  Probe x2  
  55  8:08  Pylon  
  55  8:10  Pylon  
  55  8:12  Pylon  
  55  8:21  Pylon  
  55  8:28  Probe  
  55  8:29  Probe  
  51  8:42  Probe  
  51  8:46  Stalker x3  
Tags
 
Add a new tag
Caveats
  • Supply blocks, unpowered buildings, or Contaminate may cause inaccurate times.
  • Supply counts are checked every 10 seconds.